 Dungeon Crawl Stone Soup version 0.18.1-50-g88ac8fd (webtiles) character file.

10761 jakorap the Carver (level 11, -2/101 HPs)
             Began as a Minotaur Fighter on Oct 20, 2016.
             Was a Priest of Okawaru.
             Slain by Snorg (14 damage)
             ... on level 11 of the Dungeon on Oct 21, 2016.
             The game lasted 00:35:30 (13170 turns).

jakorap the Carver (Minotaur Fighter)              Turns: 13170, Time: 00:35:30

Health: -2/101     AC: 23    Str: 25    XL:     11   Next: 40%
Magic:  21/21      EV:  6    Int:  5    God:    Okawaru [***...]
Gold:   888        SH: 12    Dex:  9    Spells: 0 memorised, 10 levels left

rFire  . . .     SeeInvis .     a - +1 long sword
rCold  . . .     Gourm    .     z - +4 plate armour
rNeg   . . .     Faith    .     l - +0 shield
rPois  .         Spirit   .     (helmet unavailable)
rElec  .         Dismiss  .     L - +1 cloak {+Inv}
rCorr  .         Reflect  .     o - +1 pair of gloves
SustAt .         Harm     .     (no boots)
MR     .....     Rnd*Tele +     (no amulet)
Stlth  ..........               (no ring)
                                P - ring of magical power

@: lethally poisoned (-2 -> -10), about to teleport, slowed, very slow, not
resistant to hostile enchantments, extremely unstealthy
A: retaliatory headbutt, horns 3, blink, teleportitis 1
a: Blink, Heroism, Renounce Religion, Evoke Invisibility


You were on level 11 of the Dungeon.
You worshipped Okawaru.
Okawaru was most pleased with you.
You were not hungry.

You visited 2 branches of the dungeon, and saw 12 of its levels.
You also visited: Ossuary.

You collected 888 gold pieces.

Inventory:

Hand Weapons
 a - a +1 long sword (weapon)
 J - a +0 falchion
Missiles
 c - 8 javelins of returning
 s - 7 tomahawks of returning (quivered)
 O - 127 stones
 R - 13 tomahawks
Armour
 l - a +0 shield (worn)
 o - a +1 pair of gloves (worn)
 z - a +4 plate armour (worn)
 L - a +1 cloak of invisibility (worn)
Magical Staves
 M - an uncursed staff of power {unknown}
Jewellery
 e - an uncursed ring of fire
 p - an uncursed amulet of dismissal
 P - a ring of magical power (left hand)
 T - a +5 ring of intelligence
Wands
 d - a wand of disintegration (10/24)
 q - a wand of iceblast (10/15)
 E - a wand of acid (9/15)
 G - a wand of paralysis (14/24)
 I - a wand of flame (33/48)
 S - a wand of heal wounds (5/9)
 Z - a wand of flame (15/48)
Scrolls
 g - 5 scrolls of immolation
 h - 2 scrolls of remove curse
 j - 2 scrolls of teleportation
 w - 2 scrolls of amnesia
 H - a scroll of blinking
 V - a scroll of enchant weapon
 X - 2 scrolls of magic mapping
Potions
 i - a potion of cure mutation {unknown}
 m - a potion of resistance {unknown}
 r - 2 potions of agility
 v - 4 potions of lignification
 A - 6 potions of curing
 B - 2 potions of flight {unknown}
 C - a potion of brilliance {unknown}
 D - a potion of cancellation
 F - a potion of mutation
 K - 3 potions of degeneration {unknown}
 Q - a potion of berserk rage {unknown}
Books
 u - a book of Cantrips

   Spells                             Type                      Level
   a - Corona                         Hexes                        1
   b - Animate Skeleton               Necromancy                   1
   c - Summon Small Mammal            Summoning                    1
   d - Apportation                    Translocation                1
Comestibles
 b - a slice of pizza
 f - 8 bread rations
 k - 2 royal jellies
 n - 3 meat rations
 t - 26 chunks of flesh
 U - 4 fruits
 Y - 3 beef jerkies


   Skills:
 + Level 10.6 Fighting
 * Level 11.8 Long Blades
 + Level 10.8 Armour
 + Level 10.8 Shields
 - Level 1.5 Invocations
 - Level 3.0 Evocations


You had 10 spell levels left.
You didn't know any spells.

Dungeon Overview and Level Annotations

Branches:
Dungeon (11/15)            Temple (1/1) D:7            Lair (0/8) D:9
    Orc (0/2) D:11

Altars:
Ashenzari
Cheibriados
Dithmenos
Elyvilon
Fedhas
Gozag
Kikubaaqudgha
Makhleb
Nemelex Xobeh
Okawaru
Pakellas
Qazlal
Ru
Sif Muna
Trog
Vehumet
Xom
Yredelemnul
Zin
The Shining One

Annotations:
D:5 exclusion: oklob plant
D:8 Beware of ghost, Pikel, bluepooka's ghost, novice TrMo
D:11 Snorg; Sonja


Innate Abilities, Weirdness & Mutations

You reflexively headbutt those who attack you in melee.
You have a pair of large horns on your head.
You can translocate small distances at will.
You are occasionally teleported next to monsters.


Message History

You feel sick.
Snorg rages.
Snorg bites you!
* * * LOW HITPOINT WARNING * * *
Snorg claws you.
* * * LOW HITPOINT WARNING * * *
You block Snorg's attack.
The worker ant bites you but does no damage.
Snorg bites you.
* * * LOW HITPOINT WARNING * * *
You block Snorg's attack. Snorg claws you!
* * * LOW HITPOINT WARNING * * *
Press: ? - help, v - describe, . - travel
Here: Snorg (lightly wounded, berserk, fast, unusually strong)
The floor, spattered with blood.
Read which item? (? for menu, Esc to quit)
As you read the scroll of teleportation, it crumbles to dust.
You feel strangely unstable.
You feel sick. You block the worker ant's attack. Snorg bites you!
You die...

## .#
########.#
#........#
#....a...#
#....T@..#
#........#
#........#
#...........
#............
#.............
#######.......
.......


You could see Snorg (berserk) and a worker ant.

Vanquished Creatures
  2 unseen horrors
  2 hill giants
  Pikel (D:8)
  A cyclops (D:10)
  An ugly thing (D:10)
  Psyche (D:8)
  A komodo dragon (D:9)
  The ghost of YungiDarkness the Sneak, a novice OpAs of Dithmenos (D:4)
  The ghost of mndeal the Basher, a novice GrBe of Trog (D:6)
  A two-headed ogre (D:11)
  A spriggan (D:8)
  2 wyverns
  Duvessa (D:4)
  4 ice beasts
  An eye of draining (D:10)
  2 slaves (D:7)
  3 ogres
  6 phantoms
  2 black bears
  2 orc warriors
  A necrophage (D:6)
  3 centaurs
  A big kobold (D:9)
  Blork the orc (D:5)
  5 giant frogs
  Dowan (D:4)
  A water moccasin zombie (D:9)
  13 scorpions
  5 killer bees (D:10)
  A howler monkey (D:4)
  5 crimson imps
  A giant frog zombie (D:9)
  A human zombie (Ossuary)
  8 hounds
  2 jellies
  4 centaur zombies
  5 orc priests
  5 centaur skeletons
  4 iguanas
  5 worker ants
  5 orc wizards
  A killer bee zombie (D:9)
  2 big kobold zombies (Ossuary)
  A hound zombie (D:9)
  A hound skeleton (D:7)
  3 mummies (Ossuary)
  A worker ant zombie (D:9)
  13 adders
  10 gnolls
  4 scorpion zombies (Ossuary)
  3 shadow imps
  2 oozes
  An adder zombie (D:6)
  An adder skeleton (D:8)
  5 worms
  6 giant geckos
  44 orcs
  6 giant cockroaches
  10 goblins
  8 hobgoblins
  12 jackals
  7 quokkas
  3 ball pythons
  12 bats
  2 giant gecko skeletons
  A giant gecko zombie (D:8)
  8 giant newts
  2 gnoll zombies (Ossuary)
  5 goblin zombies (Ossuary)
  2 hobgoblin zombies (Ossuary)
  14 kobolds
  A kobold zombie (Ossuary)
  2 orc zombies (Ossuary)
  A quokka skeleton (D:5)
  A quokka zombie (D:7)
  6 rats
  2 fungi (D:5)
  2 plants
318 creatures vanquished.

Vanquished Creatures (others)
  2 slaves (D:8)
  2 orc priests (D:8)
  A worker ant (D:8)
  4 jackals (D:8)
  2 plants
  16 toadstools (D:5)
27 creatures vanquished.

Grand Total: 345 creatures vanquished

Notes
Turn   | Place    | Note
--------------------------------------------------------------
     0 | D:1      | jakorap the Minotaur Fighter began the quest for the Orb.
     0 | D:1      | Reached XP level 1. HP: 19/19 MP: 0/0
   231 | D:1      | Reached skill level 3 in Long Blades
   364 | D:1      | Reached XP level 2. HP: 20/26 MP: 1/1
   827 | D:1      | Reached skill level 4 in Long Blades
  1061 | D:1      | Reached XP level 3. HP: 25/31 MP: 2/2
  1486 | D:2      | Reached skill level 5 in Long Blades
  1920 | D:2      | Reached XP level 4. HP: 39/39 MP: 3/3
  2722 | D:3      | Reached skill level 6 in Long Blades
  2890 | D:3      | Reached XP level 5. HP: 43/45 MP: 4/4
  3222 | D:4      | Reached skill level 7 in Long Blades
  3224 | D:4      | Noticed Dowan
  3225 | D:4      | Noticed Duvessa
  3241 | D:4      | Killed Duvessa
  3241 | D:4      | Reached XP level 6. HP: 29/51 MP: 5/5
  3246 | D:4      | Killed Dowan
  3246 | D:4      | Reached skill level 8 in Long Blades
  3340 | D:4      | Found a deep blue altar of Sif Muna.
  3368 | D:4      | Noticed YungiDarkness's ghost (novice OpAs)
  3385 | D:4      | Killed YungiDarkness's ghost
  3385 | D:4      | Reached XP level 7. HP: 54/60 MP: 6/6
  3552 | D:4      | Reached skill level 5 in Fighting
  3563 | D:4      | Found an oddly glowing altar of Pakellas.
  3578 | D:4      | Found a sand-covered staircase.
  3656 | Ossuary  | Entered an ossuary
  3676 | Ossuary  | Reached skill level 5 in Armour
  3684 | Ossuary  | Reached skill level 5 in Shields
  3822 | Ossuary  | Reached XP level 8. HP: 67/70 MP: 7/7
  4383 | Ossuary  | Gained mutation: You have a pair of large horns on your head. [potion of mutation]
  4383 | Ossuary  | Gained mutation: You are occasionally teleported next to monsters. [potion of mutation]
  4383 | Ossuary  | Gained mutation: You can translocate small distances at will. [potion of mutation]
  5354 | D:5      | Entered Level 5 of the Dungeon
  5387 | D:5      | Found a bloodstained altar of Trog.
  5417 | D:5      | Noticed Blork the orc
  5428 | D:5      | Killed Blork the orc
  5535 | D:5      | Found a sacrificial altar of Ru.
  5614 | D:5      | Reached XP level 9. HP: 79/79 MP: 8/8
  5872 | D:5      | Found a blossoming altar of Fedhas.
  5885 | D:5      | Noticed an oklob plant
  6190 | D:5      | HP: 1/79 [acid (16)]
  6587 | D:6      | Found a snail-covered altar of Cheibriados.
  6734 | D:6      | Reached skill level 9 in Long Blades
  6762 | D:6      | Noticed mndeal's ghost (novice GrBe)
  6796 | D:6      | Killed mndeal's ghost
  7070 | D:6      | Noticed a hill giant
  7087 | D:6      | Killed a hill giant
  7639 | D:6      | Identified a scroll of acquirement
  7927 | D:7      | Found a staircase to the Ecumenical Temple.
  7951 | Temple   | Entered the Ecumenical Temple
  8066 | Temple   | Became a worshipper of Warmaster Okawaru
  8341 | D:7      | Reached skill level 10 in Long Blades
  8341 | D:7      | Reached XP level 10. HP: 89/91 MP: 9/9
  8385 | D:7      | Found a shattered altar of Ashenzari.
  8499 | D:7      | Found a radiant altar of Vehumet.
  8623 | D:7      | Found a snail-covered altar of Cheibriados.
  8784 | D:8      | Noticed bluepooka's ghost (novice TrMo)
  9231 | D:8      | Found a burning altar of Makhleb.
  9256 | D:8      | Noticed Pikel
  9649 | D:8      | Killed Pikel
  9649 | D:8      | Reached * piety under Okawaru
  9706 | D:8      | Noticed Psyche
  9714 | D:8      | Killed Psyche
  9868 | D:8      | Found an iron altar of Okawaru.
  9925 | D:8      | Found an ancient bone altar of Kikubaaqudgha.
 10588 | D:9      | Found a radiant altar of Vehumet.
 10597 | D:9      | Reached skill level 1 in Evocations
 10619 | D:9      | Reached skill level 10 in Shields
 10681 | D:9      | Found a staircase to the Lair.
 10709 | D:9      | Reached ** piety under Okawaru
 10974 | D:9      | Reached skill level 10 in Armour
 11211 | D:9      | Reached skill level 1 in Invocations
 11447 | D:10     | Entered Level 10 of the Dungeon
 11482 | D:10     | Noticed a cyclops
 11508 | D:10     | Killed a cyclops
 11508 | D:10     | Reached skill level 10 in Fighting
 11531 | D:10     | Noticed a red ugly thing
 11557 | D:10     | Killed a red ugly thing
 11557 | D:10     | Reached XP level 11. HP: 27/99 MP: 12/12
 11559 | D:10     | Reached *** piety under Okawaru
 11559 | D:10     | Received a gift from Okawaru
 11559 | D:10     | Reached skill level 11 in Long Blades
 12064 | D:10     | Killed an unseen horror
 12176 | D:10     | Noticed a hill giant
 12195 | D:10     | Killed a hill giant
 12748 | D:11     | Killed an unseen horror
 12748 | D:11     | Received a gift from Okawaru
 13010 | D:11     | Found a staircase to the Orcish Mines.
 13163 | D:11     | Noticed Sonja
 13165 | D:11     | Noticed Snorg
 13170 | D:11     | Slain by Snorg

Skill      XL: |  1  2  3  4  5  6  7  8  9 10 11 |
---------------+----------------------------------+-----
Long Blades    | 3 4 5 6 7 8 10 11 | 11.8
Fighting       | 4 5 7 9 10 | 10.6
Armour         | 4 5 7 9 10 | 10.8
Shields        | 4 5 7 9 10 | 10.8
Evocations     | 3 |  3.0
Invocations    | 1 |  1.5

Action                   |  1- 3 |  4- 6 |  7- 9 | 10-12 || total
-------------------------+-------+-------+-------+-------++-------
Melee: Long sword        |   126 |   124 |   485 |   485 ||  1220
       Headbutt          |    18 |    23 |    99 |    85 ||   225
Throw: Tomahawk          |       |       |     3 |       ||     3
  Use: Potion            |       |     1 |     1 |     5 ||     7
       Scroll            |       |       |    15 |     7 ||    22
 Stab: Paralysed         |       |       |     1 |       ||     1
  Eat: Chunk             |     3 |     5 |     7 |    13 ||    28
       Pizza             |       |       |     1 |       ||     1
       Beef jerky        |       |       |     1 |       ||     1
       Meat ration       |       |       |     1 |       ||     1
       Bread ration      |       |       |       |     1 ||     1
Armor: Scale mail        |    61 |    29 |       |       ||    90
       Chain mail        |       |    14 |   152 |    31 ||   197
       Plate armour      |       |       |       |   221 ||   221
Dodge: Dodged            |    40 |    20 |    74 |    67 ||   201
Block: Shield            |    65 |    45 |   188 |   269 ||   567
